 Dungeon Crawl Stone Soup version 0.30-a0-1035-g38d5fb2972 (webtiles) character file.

Game seed: 17499788731678283670

1465 Orangeyouglad the Covered (level 9, 0/66 HPs)
             Began as a Human Wanderer on Apr 8, 2023.
             Was an Initiate of the Shining One.
             Killed by divine providence
             ... invoked by an orc priest
              (13 damage)
             ... on level 8 of the Dungeon.
             The game lasted 00:14:06 (4721 turns).

Orangeyouglad the Covered (Human Wanderer)          Turns: 4721, Time: 00:14:07

Health: 0/66       AC: 16    Str: 18    XL:     9   Next: 5%
Magic:  0/10       EV: 11    Int: 13    God:    the Shining One [......]
Gold:   358        SH:  0    Dex: 11    Spells: 4/10 levels left

rFire   . . .      SeeInvis .    i - +1 mace
rCold   . . .      Faith    .    (no shield)
rNeg    . . .      Spirit   +    c - +2 scale mail
rPois   .          Reflect  .    y - +0 helmet
rElec   .          Rampage  .    (no cloak)
rCorr   .                        (no gloves)
Will    .....                    d - +0 pair of boots Stlth
                                 v - amulet of guardian spirit
HPRegen 1.11/turn                m - +4 ring of protection
MPRegen 0.12/turn                a - +4 ring of slaying

@: slowed, glowing, very slow
A: regeneration 1, MP-powered wands
a: Renounce Religion


You were on level 8 of the Dungeon.
You worshipped the Shining One.
The Shining One was noncommittal.
You visited 2 branches of the dungeon, and saw 9 of its levels.

You collected 358 gold pieces.

Inventory:

Hand Weapons
 i - a +1 mace (weapon)
Missiles
 b - 6 poisoned darts
 w - 11 boomerangs (quivered)
Armour
 c - a +2 scale mail (worn)
 d - a +0 pair of boots (worn)
 y - a +0 helmet (worn)
Magical Staves
 f - a staff of conjuration
Jewellery
 a - a +4 ring of slaying (right hand)
 m - a +4 ring of protection (left hand)
 p - an amulet of magic regeneration
 v - an amulet of guardian spirit (around neck)
 x - a ring of protection from cold
Wands
 B - a wand of roots (3)
Scrolls
 e - 2 scrolls of blinking
 h - 3 scrolls of amnesia
 q - 4 scrolls of enchant weapon
 s - a scroll of identify
 C - a scroll of brand weapon
 E - a scroll of silence {unknown}
Potions
 g - a potion of heal wounds {unknown}
 j - 2 potions of curing
 l - a potion of attraction {unknown}
 n - a potion of haste {unknown}
 o - 5 potions of brilliance {unknown}
 r - 2 potions of lignification {unknown}
 t - 2 potions of might {unknown}
 u - 3 potions of mutation
 z - a potion of magic {unknown}
 A - a potion of degeneration {unknown}


   Skills:
 + Level 4.4 Fighting
 + Level 5.1 Throwing
 + Level 6.2 Armour
 + Level 4.6 Dodging
 - Level 1.0 Spellcasting
 + Level 3.3 Hexes
 - Level 3.5 Translocations


You had 4 spell levels left.
You knew the following spells:

 Your Spells              Type           Power      Damage    Failure   Level
a - Apportation           Tloc           18%        N/A       19%         1
b - Portal Projectile     Hex/Tloc       18%        N/A       52%         3
c - Wereblood             Tmut           0%         N/A       77%         2

Your spell library contained the following spells:

 Spells                   Type           Power      Damage    Failure   Level
 Beastly Appendage        Tmut           0%         N/A       63%         1
 Volatile Blastmotes      Fire/Tloc      10%        2d10      75%         3
 Spider Form              Tmut/Pois      0%         N/A       94%         3
 Iskenderun's Mystic Bla  Conj/Tloc      5%         2d3       98%         4
 Fulminant Prism          Conj/Hex       2%         3d5       99%         4
 Lee's Rapid Deconstruct  Erth           0%         3d4*      100%        5


Dungeon Overview and Level Annotations

Branches:
Dungeon (8/15)             Temple (1/1) D:5
   Lair: D:8-11

Altars:
Ashenzari
Cheibriados
Dithmenos
Fedhas
Gozag
Kikubaaqudgha
Makhleb
Okawaru
Qazlal
Ru
Sif Muna
Trog
Vehumet
Wu Jian
Xom
Zin
The Shining One

Annotations:
D:3 2 transporters, ThatPearl's ghost, amateur DjTm
D:4 Dowan; Duvessa; Edmund


Innate Abilities, Weirdness & Mutations

Your natural rate of healing is unusually fast.
You expend magic power (3 MP) to strengthen your wands.


Message History

Your Hexes skill increases to level 3!
You have reached level 9!
Your experience leads to an increase in your attributes!
Increase (S)trength, (I)ntelligence, or (D)exterity?
You feel stronger. x2
It was a potion of curing.
You feel better.
Okay, then.
Aiming: Fastroot
Press: ? - help, Shift-Dir - straight line, f - orc priest
Aim: an orc priest, wielding a +0 dagger The roots erupt in riotous growth!
Roots grab the orc priest.
Roots grab the orc warrior.
Roots grab the orc.
The grasping roots constrict the orc warrior.
The grasping roots constrict the orc priest.
The grasping roots constrict the orc!
You kill the orc!
The orc priest struggles to escape constriction.
The orc warrior hits you with a +1 long sword of holy wrath.
The orc priest looks encouraged for a moment.
You hit the orc warrior.
The orc warrior is moderately wounded.
The grasping roots constrict the orc warrior!
The grasping roots constrict the orc priest.
The roots release their grip on the orc warrior.
The roots release their grip on the orc priest.
The orc warrior hits you with a +1 long sword of holy wrath. x2
You hit the orc priest but do no damage.
The orc priest is severely wounded.
The orc warrior closely misses you. The orc priest closely misses you.
The orc warrior hits you with a +1 long sword of holy wrath.
The orc priest begins to cast a cantrip, but forgets the words!
The orc hits you with a +0 flail.
* * * LOW HITPOINT WARNING * * *
You feel better.
The orc warrior hits you with a +1 long sword of holy wrath!
The orc hits you with a +0 flail!
* * * LOW HITPOINT WARNING * * *
The orc priest calls down the wrath of Beogh upon you.
Beogh smites you!
You die...

# ##........#
#........# #.......##
##......# . #.....##
.. . ### #......##
#... ..
...####...#..###.....
.......##.##.oo.)#
............)@o###
..............##
..............#
..............#
...^..........#
..............#
..............#
###...........#
#######.....#


You could see an orc warrior, an orc priest and an orc.

Vanquished Creatures
  Erica (D:8)
  An ice beast (D:5)
  3 ogres
  A bullfrog (D:8)
  A scorpion (D:5)
  A wight (D:7)
  3 jellies (D:5)
  A hound (D:5)
  A sleepcap (D:3)
  2 iguanas
  An orc wizard (D:4)
  3 gnolls (D:3)
  4 adders
  A worm (D:4)
  2 dart slugs
  8 orcs
  13 endoplasms
  4 giant cockroaches
  4 hobgoblins
  2 kobolds
  6 quokkas
  4 ball pythons
  2 bats
  4 frilled lizards
  4 goblins
  3 rats (D:1)
80 creatures vanquished.

Vanquished Creatures (others)
  A quokka (D:6)
1 creature vanquished.

Grand Total: 81 creatures vanquished

Notes
Turn   | Place    | Note
-------+----------+-------------------------------------------
     0 | D:1      | Orangeyouglad the Human Wanderer began the quest for the
                  | Orb.
     0 | D:1      | Orangeyouglad set off with the following items: a +0
                  | dagger, 10 poisoned darts, a +2 scale mail, a scroll of
                  | teleportation; and the following spell memorised:
                  | Apportation; and the following spells available to
                  | memorise: Portal Projectile.
     0 | D:1      | Reached XP level 1. HP: 13/13 MP: 2/2
   220 | D:1      | Reached XP level 2. HP: 18/20 MP: 3/3
   534 | D:1      | Reached XP level 3. HP: 25/25 MP: 4/4
   803 | D:2      | Reached skill level 1 in Fighting
   823 | D:2      | Gained mutation: Your natural rate of healing is unusually
                  | fast. [potion of mutation]
   823 | D:2      | Gained mutation: You expend magic power (3 MP) to
                  | strengthen your wands. [potion of mutation]
  1110 | D:2      | Learned a level 3 spell: Portal Projectile
  1443 | D:3      | Reached XP level 4. HP: 30/32 MP: 5/5
  1554 | D:3      | Reached XP level 5. HP: 37/37 MP: 6/6
  1599 | D:3      | Noticed ThatPearl's ghost (amateur DjTm)
  1602 | D:3      | Found a transporter.
  1624 | D:3      | Found a transporter.
  1681 | D:3      | Found a shimmering altar of Xom.
  1681 | D:3      | Found a shadowy altar of Dithmenos.
  2481 | D:3      | Learned a level 2 spell: Wereblood
  2500 | D:4      | Noticed Edmund
  2656 | D:4      | Reached XP level 6. HP: 43/44 MP: 7/7
  2771 | D:4      | Noticed Duvessa
  2771 | D:4      | Noticed Dowan
  2869 | D:4      | Noticed an ogre
  2889 | D:5      | Entered Level 5 of the Dungeon
  2926 | D:5      | Noticed an ogre
  2933 | D:5      | Killed an ogre
  2979 | D:4      | Killed an ogre
  2980 | D:4      | Reached skill level 5 in Armour
  2980 | D:4      | Reached XP level 7. HP: 26/51 MP: 8/8
  3478 | D:5      | Reached skill level 1 in Hexes
  3604 | D:5      | Found a staircase to the Ecumenical Temple.
  3789 | Temple   | Entered the Ecumenical Temple
  3985 | Temple   | Became a worshipper of the Shining One
  4222 | D:6      | Reached XP level 8. HP: 29/58 MP: 4/9
  4290 | D:6      | Found a shimmering blue altar of Sif Muna.
  4416 | D:6      | You fall into a shaft and drop 2 floors!
  4644 | D:8      | Noticed Erica
  4716 | D:8      | Killed Erica
  4717 | D:8      | Reached skill level 5 in Throwing
  4717 | D:8      | Reached skill level 6 in Armour
  4717 | D:8      | Reached XP level 9. HP: 14/66 MP: 0/10
  4721 | D:8      | Killed from afar by an orc priest

Illustrated notes

Levels and vault maps discovered:
D:1:      dpeg_arrival_boxorama, layout_rooms, serial_bayou_pond_e
D:2:      layout_basic, minmay_tree_intersection
D:3:      layout_basic, gammafunk_temple_overflow_statue, gammafunk_ghost_arena,
          grunt_ministairs_2, supply_closet_lemuel, chequers_garden,
          nrook_campfire, chequers_serial_rivers_large_a,
          minmay_increasing_density
D:4:      layout_loops_ring, uniq_edmund, uniq_duvessa
D:5:      layout_loops_ring, minmay_temple_entry_hall, minmay_misc_feat_hallway,
          serial_park_tiny_pond
D:6:      layout_loops_ring, elyvilon_altar_4, old_standard_altar,
          kennysheep_little_box
D:7:      layout_gridville
D:8:      layout_cave_pods, abandoned_shop, kennysheep_dice, uniq_erica
Temple:   nicolae_temple_bog_church

Skill      XL: |  1  2  3  4  5  6  7  8 |
---------------+-------------------------+-----
Fighting       | 1 2 3 4 |  4.4
Dodging        | 2 3 4 |  4.6
Throwing       | 3 4 5 |  5.1
Translocations | 3 |  3.5
Armour         | 5 6 |  6.2
Hexes          | 1 3 |  3.3
Spellcasting   | |  1.0

Action                     |  1- 3 |  4- 6 |  7- 9 || total
---------------------------+-------+-------+-------++-------
  Melee: Short sword       |    99 |       |       ||    99
         Mace              |    21 |    94 |    86 ||   201
         Punch             |     1 |       |       ||     1
  Throw: Dart              |    27 |    29 |     1 ||    57
         Boomerang         |       |     5 |     8 ||    13
  Evoke: Wand              |       |       |     6 ||     6
    Use: Scroll            |     2 |     1 |     8 ||    11
         Potion            |     1 |       |     2 ||     3
 Armour: Scale mail        |   121 |    56 |    69 ||   246
  Dodge: Dodged            |   105 |    59 |    76 ||   240

Table legend: (Time is in decaauts)
 A = Elapsed time spent in this place.
 B = Non-inter-level travel time spent in this place.
 C = Inter-level travel time spent in this place.
 D = Time resting spent in this place.
 E = Time spent auto-exploring this place.
 F = Levels seen in this place.
 G = Mean time per level.
                   A        B        C        D        E       F      G
               +--------+--------+--------+--------+--------+-----+--------+
         Total |   4816 |   4440 |    376 |     73 |   2728 |   9 |  535.1 |
       Dungeon |   4593 |   4254 |    339 |     73 |   2562 |   8 |  574.1 |
        Temple |    223 |    186 |     37 |      0 |    165 |   1 |  223.0 |
               +--------+--------+--------+--------+--------+-----+--------+

Top non-repeatable levels by time:
     D:3: 1231 daAuts
     D:5: 914 daAuts
     D:1: 729 daAuts
     D:2: 635 daAuts
     D:4: 539 daAuts
  Temple: 223 daAuts
     D:6: 222 daAuts
     D:8: 197 daAuts
     D:7: 122 daAuts
